 Dungeon Crawl Stone Soup version 0.28-a0-1080-g05a166d0ed (webtiles) character file.

Game seed: 15549680869379188827

54 garbled the Grave Robber (level 3, 0/18 HPs)
             Began as a Vine Stalker Necromancer on Dec 9, 2021.
             Succumbed to an adder's poison
             ... on level 2 of the Dungeon.
             The game lasted 00:06:53 (2465 turns).

garbled the Grave Robber (Vine Stalker Necromancer) Turns: 2465, Time: 00:06:54

Health: 0/18       AC:  4    Str: 10    XL:     3   Next: 91%
Magic:  1/8        EV: 12    Int: 17    God:
Gold:   106        SH:  0    Dex: 14    Spells: 2/7 levels left

rFire   + . .      SeeInvis .   d - +0 short sword
rCold   + . .      Faith    .   (no shield)
rNeg    . . .      Spirit   +   m - +0 leather armour
rPois   +          Reflect  .   (no helmet)
rElec   +          Harm     .   i - +0 cloak
rCorr   +          Rampage  .   (no gloves)
Will    .....                   (no boots)
Stlth   ++........              (no amulet)
HPRegen 0.06/turn               (no ring)
MPRegen 0.11/turn               (no ring)

@: lethally poisoned (0 -> -2), resistant, attractive, flying
A: fangs 2, magic shield, antimagic bite, no potion heal 2
a: no special abilities


You were on level 2 of the Dungeon.
You visited 1 branch of the dungeon, and saw 2 of its levels.

You collected 106 gold pieces.

Inventory:

Hand Weapons
 d - a +0 short sword (weapon)
Missiles
 b - 76 stones
 g - 14 poisoned darts
Armour
 a - a +0 robe
 i - a +0 cloak (worn)
 m - a +0 leather armour (worn)
Jewellery
 k - a +6 ring of strength
Scrolls
 f - a scroll of identify {unknown}
 j - a scroll of magic mapping {unknown}
 l - a scroll of noise {unknown}


   Skills:
 + Level 1.2 Fighting
 + Level 2.1 Dodging
 - Level 2.4 Stealth
 + Level 2.8 Spellcasting
 + Level 4.4 Necromancy


You had 2 spell levels left.
You knew the following spells:

 Your Spells              Type           Power      Damage    Failure   Level
a - Pain                  Necr           68%        1d7       4%          1
b - Animate Skeleton      Necr           34%        N/A       4%          1
c - Vampiric Draining     Necr           17%        2d7       12%         3

Your spell library contained the following spells:

 Spells                   Type           Power      Damage    Failure   Level
 Animate Dead             Necr           8%         N/A       36%         4
 Gell's Gravitas          Tloc           2%         N/A       58%         3
 Lesser Beckoning         Tloc           2%         N/A       58%         3
 Teleport Other           Tloc           2%         N/A       58%         3
 Agony                    Necr           17%        N/A       73%         5


Dungeon Overview and Level Annotations

Branches:
Dungeon (2/15)

Altars:


Innate Abilities, Weirdness & Mutations

You have extremely sharp teeth.
When hurt, damage is shared between your health and your magic reserves.
Your bite disrupts and absorbs the magic of your enemies.
Potions cannot restore your health.


Message History

Aiming: Pain (safe; 4% risk of failure)
Press: ? - help, Shift-Dir - straight line, f - adder
Aim: an adder (heavily wounded, ally target, chance to affect: 82%)
The adder writhes in agony.
The adder completely misses you.
Your quokka skeleton bites the adder but does no damage.
You barely miss the adder.
The adder is severely wounded.
The adder barely misses you.
Your quokka skeleton misses the adder.
You miss the adder.
The adder is severely wounded.
The adder misses you.
Your quokka skeleton bites the adder.
The adder bites your quokka skeleton.
You miss the adder.
The adder is almost dead.
The adder bites you.
* * * LOW HITPOINT WARNING * * *
Your quokka skeleton splashes around in the water.
You hit the adder but do no damage.
The adder is almost dead.
The adder bites you.
* * * LOW HITPOINT WARNING * * *
You are lethally poisoned!
The adder poisons you!
Your quokka skeleton closely misses the adder.
The adder closely misses you.
It was a potion of resistance.
You feel protected.
* * * LOW HITPOINT WARNING * * *
You feel sick.
Your quokka skeleton splashes around in the water.
The adder barely misses you.
It was a potion of flight.
You feel very buoyant.
You fly up into the air.
* * * LOW HITPOINT WARNING * * *
You feel sick. The adder barely misses you.
Your quokka skeleton splashes around in the water.
It was a potion of attraction.
You feel attractive to monsters.
You die...

#.########.#
........##.#
#..####.##.#
##.#.......#
#.#.##.####
#######
#.#.##.# #.
.....#
#.#.##.# ..
#....#
#.#.##.# #.
#..#.#
#.#.##.#
#.#..#@S#.###
##.#.##.#
+≈≈≈≈_≈≈Z≈'.#
...#.##..
#.#..#..#.#.#
####.#
#..#..#.#.#
####.# ?..
#.=.^#.#
.....# #...
.....#.#
.##### ###
#######.# .#
#.##.# .#
#....#


You could see an adder (ally target) and a friendly quokka skeleton.

Vanquished Creatures
  5 endoplasms
  3 giant cockroaches
  6 goblins
  3 hobgoblins
  5 jackals
  3 quokkas
  4 ball pythons (D:1)
  3 bats (D:1)
  7 frilled lizards
  2 kobolds (D:1)
  7 rats
48 creatures vanquished.

Vanquished Creatures (collateral kills)
  A goblin (D:1)
1 creature vanquished.

Grand Total: 49 creatures vanquished

Notes
Turn   | Place    | Note
-------+----------+-------------------------------------------
     0 | D:1      | garbled the Vine Stalker Necromancer began the quest for
                  | the Orb.
     0 | D:1      | Reached XP level 1. HP: 9/9 MP: 4/4
     2 | D:1      | Learned a level 1 spell: Animate Skeleton
   137 | D:1      | Reached XP level 2. HP: 9/14 MP: 4/6
   950 | D:1      | Reached skill level 1 in Fighting
   950 | D:1      | Reached XP level 3. HP: 16/18 MP: 4/7
   954 | D:1      | Learned a level 3 spell: Vampiric Draining
  2443 | D:2      | Found a faded altar of an unknown god.
  2465 | D:2      | Succumbed to an adder's poison

Illustrated notes

Levels and vault maps discovered:
D:1:      mrwooster_arrival_statue_2, layout_loops_ring, skrybe_limestone_x,
          minmay_close_crescents
D:2:      layout_loops_ring, shapermc_ecumenical_altar_notcrosses,
          minmay_tetromino_o2

Skill      XL: |  1  2  3 |
---------------+----------+-----
Fighting       | 1 |  1.2
Dodging        | 2 |  2.1
Stealth        | |  2.4
Spellcasting   | |  2.8
Necromancy     | |  4.4

Action                   || total
-------------------------++-------
Melee: Unarmed           ||    19
       Bite              ||     8
       Short sword       ||    19
 Cast: Pain              ||    74
       Animate Skeleton  ||     8
  Use: Potion            ||     3
 Stab: Sleeping          ||     1
Armor: Robe              ||    11
       Leather armour    ||     3
Dodge: Dodged            ||    36

Table legend: (Time is in decaauts)
 A = Elapsed time spent in this place.
 B = Non-inter-level travel time spent in this place.
 C = Inter-level travel time spent in this place.
 D = Time resting spent in this place.
 E = Time spent auto-exploring this place.
 F = Levels seen in this place.
 G = Mean time per level.
                   A        B        C        D        E       F      G
               +--------+--------+--------+--------+--------+-----+--------+
         Total |   2468 |   2434 |     34 |    371 |   1527 |   2 | 1234.0 |
       Dungeon |   2468 |   2434 |     34 |    371 |   1527 |   2 | 1234.0 |
               +--------+--------+--------+--------+--------+-----+--------+

Top non-repeatable levels by time:
     D:1: 1471 daAuts
     D:2: 997 daAuts
